 Dungeon Crawl Stone Soup version 0.28.0-49-g6dfe1f597d (webtiles) character file.

Game seed: 16864246360836852659

93 bnorton916 the Magician (level 4, 0/24 HPs)
             Began as a Deep Elf Fire Elementalist on May 18, 2022.
             Slain by an iguana (10 damage)
             ... on level 4 of the Dungeon.
             The game lasted 00:05:11 (3515 turns).

bnorton916 the Magician (DEFE)                      Turns: 3515, Time: 00:05:11

Health: 0/24       AC:  5    Str:  5    XL:     4   Next: 37%
Magic:  8/12       EV: 12    Int: 22    God:
Gold:   110        SH:  0    Dex: 15    Spells: 2/11 levels left

rFire   . . .      SeeInvis .   d - +3 dagger (venom)
rCold   . . .      Faith    .   (no shield)
rNeg    . . .      Spirit   .   a - +0 robe
rPois   +          Reflect  .   c - +0 helmet
rElec   .          Harm     .   (no cloak)
rCorr   .          Rampage  .   (no gloves)
Will    .....                   u - +1 pair of boots
Stlth   ++........              (no amulet)
HPRegen 0.08/turn               e - ring of poison resistance
MPRegen 0.13/turn               (no ring)

@: no status effects
A: no striking features
a: no special abilities


You were on level 4 of the Dungeon.
You visited 1 branch of the dungeon, and saw 4 of its levels.

You collected 110 gold pieces.

Inventory:

Hand Weapons
 d - a +3 dagger of venom (weapon)
 i - a +1 dagger of freezing
Missiles
 r - 54 stones
Armour
 a - a +0 robe (worn)
 c - a +0 helmet (worn)
 s - a +0 buckler
 u - a +1 pair of boots (worn)
Jewellery
 e - a ring of poison resistance (left hand)
 n - a ring of magical power
 p - a ring of fire
Scrolls
 l - 2 scrolls of silence
Potions
 b - a potion of haste {unknown}
 f - a potion of heal wounds {unknown}
 g - a potion of brilliance {unknown}
 h - a potion of might
 k - a potion of magic
 m - 3 potions of curing {unknown}


   Skills:
 - Level 2.4 Dodging
 - Level 2.4 Stealth
 - Level 4.3 Spellcasting
 + Level 2.6 Conjurations
 + Level 1.2 Summonings
 + Level 4.1 Fire Magic


You had 2 spell levels left.
You knew the following spells:

 Your Spells              Type           Power      Damage    Failure   Level
a - Foxfire               Conj/Fire      76%        2x1d7     2%          1
b - Scorch                Fire           44%        2d7       3%          2
c - Conjure Flame         Conj/Fire      19%        6-21      9%          3
d - Call Canine Familiar  Summ           10%        N/A       19%         3

Your spell library contained the following spells:

 Spells                   Type           Power      Damage    Failure   Level
 Summon Small Mammal      Summ           40%        N/A       6%          1
 Inner Flame              Hex/Fire       13%        N/A       14%         3
 Summon Guardian Golem    Hex/Summ       7%         N/A       26%         3
 Flame Wave               Conj/Fire      19%        2d6       26%         4
 Gell's Gravitas          Tloc           4%         N/A       32%         3
 Teleport Other           Tloc           4%         N/A       32%         3
 Dispersal                Tloc           2%         N/A       100%        6


Dungeon Overview and Level Annotations

Branches:
Dungeon (4/15)             Temple (0/1) D:4

Altars:
Trog

Shops:
D:1 ?


Message History

It was a potion of magic.
Magic courses through your body.
You start waiting.
You feel a little less mighty now.
You start waiting.
Done waiting.
You start waiting.
Done waiting.
Found a staircase to the Ecumenical Temple.
A hound comes into view.
A ball python and an iguana come into view.
The ball python hisses angrily.
The iguana hisses angrily.
Found an inky potion.
The hound barks!
The ball python bites you. The ball python misses you.
An adder comes into view.
The hound bites you.
There is a staircase to the Ecumenical Temple here.
The adder hisses angrily.
The hound bites you but does no damage. The ball python bites you.
The ball python grabs you.
You stop descending the stairs.
The ball python constricts you.
Unknown command.
Unknown command.
Casting: Scorch (safe; 3% risk of failure)
Confirm with . or Enter, or press ? or * to list all spells.
Flames lash the hound.
The hound is severely wounded.
The hound's fire resistance burns away.
The hound bites you but does no damage. The iguana bites you!
The ball python closely misses you. The ball python constricts you.
The hound bites you. The ball python barely misses you.
The ball python constricts you.
The iguana bites you but does no damage.
The hound bites you but does no damage.
Casting: Scorch (safe; 3% risk of failure)
Confirm with . or Enter, or press ? or * to list all spells.
Flames lash the ball python.
You kill the ball python!
The hound bites you but does no damage. The iguana bites you!
You die...

.....###.## #....#
......#...###....#
......#....##....## ###
..........##......##..#
...........#..........#
...............#.#...#
..............#.#.#..###
.............#.#h#S#..!.
..............#†@.#.....
####....##...#.#l#.#....
. #..#.##....#.#.#...#.
. #.####......#.#....#
.. ##.............. #
#...............
#..###.......... ##.
##......... # ......#


You could see an iguana, a hound (combustible) and an adder.

Vanquished Creatures
  An iguana (D:4)
  An adder (D:2)
  A worm (D:2)
  A dart slug (D:1)
  6 ball pythons
  6 endoplasms
  2 giant cockroaches
  8 goblins
  3 hobgoblins (D:1)
  2 quokkas (D:1)
  5 bats
  A frilled lizard (D:1)
  8 kobolds
  5 rats
50 creatures vanquished.

Vanquished Creatures (others)
  123 foxfires
123 creatures vanquished.

Grand Total: 173 creatures vanquished

Notes
Turn   | Place    | Note
-------+----------+-------------------------------------------
     0 | D:1      | bnorton916 the Deep Elf Fire Elementalist began the quest
                  | for the Orb.
     0 | D:1      | Reached XP level 1. HP: 10/10 MP: 6/6
   208 | D:1      | Found Zemuaklu's Magic Scroll Emporium.
   289 | D:1      | Reached XP level 2. HP: 15/15 MP: 6/8
   848 | D:1      | Reached XP level 3. HP: 19/19 MP: 8/10
   932 | D:1      | Learned a level 2 spell: Scorch
   936 | D:1      | Learned a level 3 spell: Conjure Flame
   940 | D:1      | Learned a level 3 spell: Call Canine Familiar
  1195 | D:2      | Found a bloodstained altar of Trog.
  1890 | D:3      | Found a faded altar of an unknown god.
  2459 | D:4      | Reached skill level 1 in Summonings
  2459 | D:4      | Reached XP level 4. HP: 6/24 MP: 1/12
  3503 | D:4      | Found a staircase to the Ecumenical Temple.
  3515 | D:4      | Slain by an iguana

Illustrated notes

Levels and vault maps discovered:
D:1:      co_arrival_hexagon_in_a_hexagon, layout_basic, serial_shops,
          nicolae_shop_waterfront
D:2:      layout_rooms, basic_altar
D:3:      layout_loops_cross, chequers_ecumenical_altar_twisty
D:4:      layout_cave_pools, minmay_temple_entry_grid,
          ebering_ghost_disaster_area, serial_shops, nicolae_shop_crystal

Skill      XL: |  1  2  3 |
---------------+----------+-----
Conjurations   | 2 |  2.6
Spellcasting   | 4 |  4.3
Fire Magic     | 4 |  4.1
Summonings     | 1 |  1.2
Dodging        | |  2.4
Stealth        | |  2.4

Action                   |  1- 3 |  4- 6 || total
-------------------------+-------+-------++-------
 Cast: Foxfire           |    71 |       ||    71
       Scorch            |     8 |     2 ||    10
  Use: Scroll            |       |     6 ||     6
       Potion            |       |     2 ||     2
Armor: Robe              |     1 |     5 ||     6
Dodge: Dodged            |     6 |     3 ||     9
